 Dungeon Sprint DCSS version 0.24.0-125-gc4c63601f3 (webtiles) character file.

Game seed: 13655257807933611509, levelgen mode: deterministic

1754 Groucho the Imperceptible (level 8, 0/43 HPs)
             Began as a Felid Berserker on Mar 9, 2020.
             Was an Elder of Trog.
             Slain by a demonic crawler (8 damage)
             ... in the Dungeon (Sprint I: "Red Sonja").
             The game lasted 00:06:06 (1636 turns).

Groucho the Imperceptible (Felid Berserker)         Turns: 1636, Time: 00:06:07

Health: 0/43       AC:  2    Str: 13    XL:     8   Next: 78%
Magic:  9/9        EV: 29    Int:  9    God:    Trog [****..]
Gold:   610        SH:  0    Dex: 18    Spells: 7/7 levels left
                                        Lives:  0   Deaths: 2

rFire    . . .     SeeInvis +     - Unarmed
rCold    . . .     Gourm    .   (shield unavailable)
rNeg     . . .     Faith    .   (armour unavailable)
rPois    .         Spirit   .   (helmet unavailable)
rElec    .         Reflect  .   (cloak unavailable)
rCorr    .         Harm     .   (gloves unavailable)
MR       +....     NoTele   +   (boots unavailable)
Stlth    ++++++++..             (no amulet)
HPRegen  0.14/turn              (no ring)
MPRegen  0.11/turn              (no ring)

@: berserk cooldown, slowed, slow
A: very small, no armour, no weapons or thrown items, stealth, claws 1, fangs 3,
see invisible, carnivore, speed 1, shaggy fur 2, slow metabolism 1, sharp paws
a: Berserk, Trog's Hand, Brothers in Arms, Renounce Religion


You were in the Dungeon.
You worshipped Trog.
Trog was greatly pleased with you.
You were not hungry.

You visited 1 branch You collected 914 gold pieces.
You spent 304 gold pieces at shops.

Inventory:

Wands
 h - a wand of digging (6)
Scrolls
 d - 2 scrolls of magic mapping
 i - 2 scrolls of immolation
 j - 3 scrolls of identify
 k - a scroll of enchant weapon
 l - a scroll of fog
 m - a scroll of remove curse
Potions
 b - 3 potions of curing
 c - a potion of heal wounds
 e - 2 potions of magic
 f - a potion of berserk rage
 g - a potion of might
Comestibles
 a - a ration


   Skills:
 + Level 9.9 Fighting
 + Level 12.5 Dodging
 + Level 21.4 Stealth
 + Level 9.9 Unarmed Combat


You had 7 spell levels left.
You didn't know any spells.
Your spell library was empty.

Dungeon Overview and Level Annotations

Branches:
Dungeon (1/1)

Altars:
Cheibriados
Dithmenos
Elyvilon
Fedhas
Gozag
Hepliaklqana
Kikubaaqudgha
Makhleb
Nemelex Xobeh
Okawaru
Qazlal
Ru
Sif Muna
Trog
Uskayaw
Vehumet
Wu Jian
Xom
Yredelemnul
Zin
The Shining One
Jiyva
Lugonu

Shops:
D ?[[


Innate Abilities, Weirdness & Mutations

You cannot wear armour.
You are incapable of wielding weapons or throwing items.
Your paws allow you to move quietly. (Stealth)
You have sharp claws.
You have razor-sharp teeth.
You have supernaturally acute eyesight. (SInv)
You are carnivorous and can eat meat at any time.
You cover ground quickly.
You are covered in thick fur. (AC +2)
You have a slow metabolism.
Your sharp claws are effective at attacking unaware monsters.


Message History

The demonic crawler hits you! The demonic crawler misses you.
The demonic crawler completely misses you.
There is an open door, spattered with blood here.
You feel a strong urge to attack something.
You are no longer berserk.
You are exhausted.
You feel yourself slow down.
There is an open door here.
You see here 22 stones.
The demonic crawler hits you. The demonic crawler misses you. x2
There is an entrance to Pupn's Armour Emporium here.
You scratch the demonic crawler.
The demonic crawler is lightly wounded.
The demonic crawler misses you.
The demonic crawler completely misses you.
The demonic crawler hits you.
* * * LOW HITPOINT WARNING * * *
The demonic crawler completely misses you.
The demonic crawler hits you!
You die...

##'#####'#__####s..'..#
#..#...#.####§.#####..+
####..##§#≈≈§§§# ##
___##'#_.'≈≈§§§+
∩...'..§§#§≈§§§#
.__##_.#'##'####
___###'#.#.s(.###
######.####'###s##
....'...'..[..ss@#
+####.).##########
###.### #.#'#.# #§....#
#...).# #######


You could see 3 demonic crawlers.

Vanquished Creatures
  2 centaur warriors (D)
  Sonja (D)
  A deep troll (D)
  2 kobold demonologists (D)
  A demonic crawler (D)
  A slime creature (D)
  Sigmund (D)
  A yak (D)
  A floating eye (D)
  An ogre (D)
  A jelly (D)
  Ijyb (D)
14 creatures vanquished.

Vanquished Creatures (others)
  A gargoyle (D)
  2 ballistomycete spores (D)
3 creatures vanquished.

Grand Total: 17 creatures vanquished

Notes
Turn   | Place    | Note
-------+----------+-------------------------------------------
     0 | D        | Groucho the Felid Berserker began the quest for the Orb.
     0 | D        | Reached XP level 1. HP: 10/10 MP: 2/2
     1 | D        | Noticed Ijyb
     6 | D        | Killed Ijyb
     6 | D        | Reached skill level 8 in Stealth
     6 | D        | Reached XP level 2. HP: 14/14 MP: 3/3
   212 | D        | Noticed an ogre
   222 | D        | Killed an ogre
   222 | D        | Reached skill level 12 in Stealth
   222 | D        | Reached XP level 3. HP: 17/17 MP: 4/4
   222 | D        | Reached XP level 4. HP: 21/21 MP: 5/5
   359 | D        | Noticed Sigmund
   361 | D        | Killed Sigmund
   361 | D        | Reached ** piety under Trog
   361 | D        | Reached skill level 16 in Stealth
   361 | D        | Reached XP level 5. HP: 24/24 MP: 6/6
   361 | D        | Gained mutation: You are covered in thick fur. (AC +2)
                  | [Felid growth]
   361 | D        | Reached XP level 6. HP: 28/28 MP: 7/7
   387 | D        | Found a shimmering blue altar of Sif Muna.
   388 | D        | Found an ornate altar of the Wu Jian Council.
   389 | D        | Found a radiant altar of Vehumet.
   395 | D        | Found Jamij's Antique Armour Emporium.
   395 | D        | Found an ancient bone altar of Kikubaaqudgha.
   395 | D        | Found a hazy altar of Hepliaklqana.
   395 | D        | Found a stormy altar of Qazlal.
   395 | D        | Found a hide-covered altar of Uskayaw.
   395 | D        | Found a blossoming altar of Fedhas.
   395 | D        | Found a bloodstained altar of Trog.
   395 | D        | Found an iron altar of Okawaru.
   395 | D        | Found a basalt altar of Yredelemnul.
   395 | D        | Found a glowing golden altar of the Shining One.
   395 | D        | Found a snail-covered altar of Cheibriados.
   395 | D        | Found a sacrificial altar of Ru.
   395 | D        | Found a glowing silver altar of Zin.
   395 | D        | Found a shadowy altar of Dithmenos.
   395 | D        | Found a white marble altar of Elyvilon.
   395 | D        | Noticed a yak
   396 | D        | Found an opulent altar of Gozag.
   397 | D        | Killed a yak
   397 | D        | Reached skill level 18 in Stealth
   398 | D        | Found a sparkling altar of Nemelex Xobeh.
   452 | D        | Found a viscous altar of Jiyva.
   452 | D        | Found a corrupted altar of Lugonu.
   452 | D        | Noticed a slime creature
   453 | D        | Found a burning altar of Makhleb.
   453 | D        | Found a shimmering altar of Xom.
   455 | D        | HP: 2/42 [slime creature (22)]
   991 | D        | Killed a slime creature
   991 | D        | Reached *** piety under Trog
   991 | D        | Reached skill level 5 in Dodging
   991 | D        | Reached XP level 7. HP: 32/32 MP: 8/8
  1068 | D        | Noticed a centaur warrior
  1068 | D        | Noticed a centaur warrior
  1077 | D        | Killed a centaur warrior
  1077 | D        | Reached skill level 19 in Stealth
  1077 | D        | Reached XP level 8. HP: 13/39 MP: 9/9
  1085 | D        | Slain by a centaur warrior
  1086 | D        | Reached XP level 7. HP: -3/52 MP: 8/8
  1100 | D        | Killed a centaur warrior
  1100 | D        | Reached skill level 10 in Dodging
  1100 | D        | Reached skill level 20 in Stealth
  1100 | D        | Reached XP level 8. HP: 21/40 MP: 9/9
  1404 | D        | Noticed a deep troll
  1406 | D        | Killed a deep troll
  1418 | D        | Found Pupn's Armour Emporium.
  1429 | D        | Noticed Sonja
  1432 | D        | Killed Sonja
  1432 | D        | Reached **** piety under Trog
  1432 | D        | Reached skill level 21 in Stealth
  1432 | D        | Reached XP level 9. HP: 45/45 MP: 10/10
  1443 | D        | Killed a gargoyle
  1491 | D        | Found Feafin's Magic Scroll Boutique.
  1499 | D        | Bought a scroll of immolation for 45 gold pieces
  1499 | D        | Bought a scroll of enchant weapon for 97 gold pieces
  1499 | D        | Bought a scroll of identify for 26 gold pieces
  1499 | D        | Bought a scroll of fog for 26 gold pieces
  1499 | D        | Bought a scroll of identify for 26 gold pieces
  1499 | D        | Bought a scroll of remove curse for 39 gold pieces
  1499 | D        | Bought a scroll of magic mapping for 45 gold pieces
  1544 | D        | Noticed a kobold demonologist
  1545 | D        | Noticed a kobold demonologist
  1549 | D        | Killed a kobold demonologist
  1553 | D        | Killed a kobold demonologist
  1599 | D        | Noticed a demonic crawler
  1599 | D        | Noticed a demonic crawler
  1599 | D        | Noticed a demonic crawler
  1599 | D        | Noticed a demonic crawler
  1605 | D        | HP: 2/46 [demonic crawler (5)]
  1606 | D        | Slain by a demonic crawler
  1607 | D        | Reached XP level 8. HP: -1/43 MP: 9/9
  1627 | D        | Killed a demonic crawler
  1636 | D        | Slain by a demonic crawler

Levels and vault maps discovered:
D:        dungeon_sprint_1 [red_sonja_temple_1, red_sonja_temple_small_1]

Skill      XL: |  1  2  3  4  5  6  7  8  9 |
---------------+----------------------------+-----
Stealth        | 8 12 16 18 20 21 | 21.4
Fighting       | 4 7 9 |  9.9
Dodging        | 5 10 11 12 | 12.5
Unarmed Combat | 4 7 9 |  9.9

Action                   |  1- 3 |  4- 6 |  7- 9 || total
-------------------------+-------+-------+-------++-------
Melee: Unarmed           |     5 |    11 |    38 ||    54
       Bite              |       |     1 |     7 ||     8
       Punch             |       |       |     2 ||     2
Invok: Berserk           |     2 |     2 |     4 ||     8
       Trog's Hand       |       |     1 |     2 ||     3
       Brothers in Arms  |       |       |     1 ||     1
Evoke: Wand              |       |       |     1 ||     1
  Use: Potion            |       |     1 |       ||     1
       Scroll            |       |       |     2 ||     2
 Stab: Sleeping          |     1 |     3 |     4 ||     8
  Eat: Chunk             |       |     4 |     2 ||     6
Armor: Skin              |       |       |     3 ||     3
Dodge: Dodged            |     4 |     5 |    63 ||    72
